 Dungeon Crawl Stone Soup version 0.26-a0-663-g36e8fdb655 (webtiles) character file.

Game seed: 17431783331608143967

84 Conn the Firebug (level 4, 0/24 HPs)
             Began as a Deep Elf Fire Elementalist on Oct 11, 2020.
             Slain by a killer bee (1 damage)
             ... on level 2 of the Dungeon.
             The game lasted 00:03:32 (975 turns).

Conn the Firebug (Deep Elf Fire Elementalist)        Turns: 975, Time: 00:03:33

Health: 0/24       AC:  3    Str:  5    XL:     4   Next: 24%
Magic:  11/11      EV: 13    Int: 21    God:
Gold:   31         SH:  0    Dex: 15    Spells: 9/10 levels left

rFire    . . .     SeeInvis +   g - +3 dagger
rCold    . . .     Faith    .   (no shield)
rNeg     . . .     Spirit   .   a - +1 robe
rPois    .         Reflect  .   (no helmet)
rElec    .         Harm     .   (no cloak)
rCorr    .         Rampage  .   (no gloves)
MR       .....                  (no boots)
Stlth    ++........             (no amulet)
HPRegen  0.08/turn              c - ring of see invisible
MPRegen  0.12/turn              (no ring)

@: mighty, lethally poisoned (0 -> -7)
A: no striking features
a: no special abilities


You were on level 2 of the Dungeon.
You visited 1 branch of the dungeon, and saw 2 of its levels.

You collected 31 gold pieces.

Inventory:

Hand Weapons
 b - a +0 short sword
 g - a +3 dagger (weapon)
Armour
 a - a +1 robe (worn)
Jewellery
 c - a ring of see invisible (left hand)


   Skills:
 + Level 0.2 Fighting
 + Level 2.8 Dodging
 + Level 3.2 Stealth
 + Level 3.9 Spellcasting
 + Level 1.6 Conjurations
 + Level 4.3 Fire Magic


You had 9 spell levels left.
You knew the following spells:

 Your Spells              Type           Power        Failure   Level
a - Foxfire               Conj/Fire      ###.         3%          1

Your spell library contained the following spells:

 Spells                   Type           Power        Failure   Level
 Conjure Flame            Conj/Fire      ###.....     11%         3
 Inner Flame              Hex/Fire       ##......     16%         3
 Sticky Flame             Conj/Fire      ###.....     34%         4
 Fireball                 Conj/Fire      ###.......   67%         5


Dungeon Overview and Level Annotations

Branches:
Dungeon (2/15)

Altars:
Wu Jian


Message History

Your Stealth skill increases to level 3!
You have reached level 4!
You feel clever.
You feel sick. The killer bee stings you.
* * * LOW HITPOINT WARNING * * *
You miss the killer bee.
The killer bee stings you but does no damage.
The killer bee misses you.
Unknown command.
You hit the killer bee.
The killer bee is moderately wounded.
* * * LOW HITPOINT WARNING * * *
You feel sick. The killer bee stings you.
* * * LOW HITPOINT WARNING * * *
The killer bee misses you.
Unknown command.
You barely miss the killer bee.
The killer bee is moderately wounded.
The killer bee stings you.
You die...

#.. . #.. .$
####..### .8.
......... ....
#........ .....
###........
._...y###......#
....yyy@...<...#
#########).....#
#......#
#......#
#......#
####...# ...#
####


You could see 4 killer bees.

Vanquished Creatures
  A killer bee (D:2)
  2 dart slugs (D:1)
  2 leopard geckos (D:1)
  A ball python (D:1)
  6 bats (D:1)
  3 giant cockroaches (D:1)
  5 goblins
  2 hobgoblins (D:1)
  5 frilled lizards (D:1)
  2 kobolds (D:1)
  5 rats (D:1)
34 creatures vanquished.

Vanquished Creatures (collateral kills)
  8 foxfires (D:1)
8 creatures vanquished.

Vanquished Creatures (others)
  48 foxfires (D:1)
  44 plants (D:1)
92 creatures vanquished.

Grand Total: 134 creatures vanquished

Notes
Turn   | Place    | Note
-------+----------+-------------------------------------------
     0 | D:1      | Conn the Deep Elf Fire Elementalist began the quest for the
                  | Orb.
     0 | D:1      | Reached XP level 1. HP: 10/10 MP: 6/6
   232 | D:1      | Reached XP level 2. HP: 15/15 MP: 6/8
   620 | D:1      | Reached XP level 3. HP: 19/19 MP: 8/10
   665 | D:1      | Reached skill level 4 in Fire Magic
   961 | D:2      | Noticed a killer bee
   962 | D:2      | Found an ornate altar of the Wu Jian Council.
   962 | D:2      | Noticed a killer bee
   963 | D:2      | Noticed a killer bee
   963 | D:2      | Noticed a killer bee
   963 | D:2      | Noticed a killer bee
   964 | D:2      | Noticed a killer bee
   972 | D:2      | Killed a killer bee
   972 | D:2      | Reached XP level 4. HP: 8/24 MP: 11/11
   974 | D:2      | HP: 1/24 [killer bee (3)]
   975 | D:2      | Slain by a killer bee

Illustrated notes

Levels and vault maps discovered:
D:1:      roderic_crop_circles_arrival_small, layout_loops_ring, st_stairs_5
D:2:      kennysheep_six_static_rooms, layout_basic, kennysheep_slug_shrine,
          lemuel_coloured_pillars_altar, grunt_temple_overflow_open,
          grunt_dithmenos_smoke_and_mirrors, minmay_split_cup_large

Skill      XL: |  1  2  3 |
---------------+----------+-----
Fire Magic     | 4 |  4.3
Stealth        | 3 |  3.2
Fighting       | |  0.2
Dodging        | |  2.8
Spellcasting   | |  3.9
Conjurations   | |  1.6

Action                   |  1- 3 |  4- 6 || total
-------------------------+-------+-------++-------
Melee: Unarmed           |     1 |       ||     1
       Dagger            |     8 |     3 ||    11
       Short sword       |     6 |       ||     6
 Cast: Foxfire           |    35 |       ||    35
  Use: Scroll            |     2 |       ||     2
       Potion            |     1 |       ||     1
 Stab: Sleeping          |     2 |       ||     2
Armor: Robe              |     8 |     1 ||     9
Dodge: Dodged            |    26 |     2 ||    28

Table legend: (Time is in decaauts)
 A = Elapsed time spent in this place.
 B = Non-inter-level travel time spent in this place.
 C = Inter-level travel time spent in this place.
 D = Time resting spent in this place.
 E = Time spent auto-exploring this place.
 F = Levels seen in this place.
 G = Mean time per level.
                   A        B        C        D        E       F      G
               +--------+--------+--------+--------+--------+-----+--------+
         Total |    973 |    959 |     14 |    156 |    506 |   2 |  486.5 |
       Dungeon |    973 |    959 |     14 |    156 |    506 |   2 |  486.5 |
               +--------+--------+--------+--------+--------+-----+--------+

Top non-repeatable levels by time:
     D:1: 957 daAuts
     D:2: 16 daAuts
